Map: Thunderbird LE

Players

Hellraiser - Winner!

  • Race: Protoss Protoss
  • Spawn Location: 11:00

uThermal

  • Race: Terran Terran
  • Spawn Location: 5:00

Event: 2019 WCS Summer

VOD

Have the link to the VOD?

Description

Time

  • Played on: July 12, 2019, 10:16 a.m.
  • Length: 2:42

All games in this series

Show
View Real Time Build Order
Export as new Build Order

Hellraiser Protoss - Winner!

Build Orders:  

Get SALT Encoding   

  12  0:00  Probe  
  13  0:13  Probe  
  14  0:18  Pylon  
  14  0:22  Probe  
  15  0:32  Probe  
  15  0:37  Gateway  
  15  0:41  Probe  
  16  0:45  Assimilator  
  17  0:53  Probe  
  18  1:05  Probe  
  19  1:17  Probe  
  20  1:26  Zealot  
  20  1:28  Cybernetics Core  
  20  1:29  Probe  
  23  1:33  Pylon  
  23  1:46  Zealot  
  23  1:50  Nexus  
  25  2:04  Stalker  
  25  2:07  Shield Battery  
  25  2:17  Probe  
  26  2:29  Probe  
Show
View Real Time Build Order
Export as new Build Order

uThermal Terran 

Build Orders:  

Get SALT Encoding   

  12  0:01  SCV  
  13  0:13  SCV  
  14  0:17  Supply Depot  
  14  0:25  SCV  
  15  0:39  SCV  
  15  0:42  Barracks  
  16  0:56  Barracks  
  16  0:57  SCV  
  16  1:03  Refinery  
  17  1:09  SCV  
  18  1:21  SCV  
  19  1:29  Marine  
  20  1:34  Orbital Command  
  20  1:43  Marine  
  20  1:44  Supply Depot  
  20  1:46  Marine  
  22  1:48  Bunker  
  22  2:01  Marine  
  22  2:04  SCV  
  23  2:19  Marine x2  
  25  2:39  Factory  
Tags
 
Add a new tag
Caveats
  • Supply blocks, unpowered buildings, or Contaminate may cause inaccurate times.
  • Supply counts are checked every 10 seconds.